[Event "*** Titled Tuesday Blitz"]
[Site "Chess.com"]
[Date "2020.11.10"]
[Round "6"]
[White "kuban1991"]
[Black "RaunakSadhwani2005"]
[Result "0-1"]
[WhiteElo "2885"]
[BlackElo "2998"]
[TimeControl "180+1"]
[EndTime "11:10:43 PST"]
[Termination "RaunakSadhwani2005 won by resignation"]

1. Nf3 d5 2. g3 Nc6 3. d4 Bf5 4. Bg2 Nb4 5. Na3 e6 6. O-O Be7 7. c3 Nc6 8. Qb3 Rb8 9. Qa4 Qd7 10. h3 Nf6 11. Bg5 O-O 12. Bxf6 Bxf6 13. Nd2 b5 14. Qd1 b4 15. Nc2 bxc3 16. bxc3 Rb2 17. e4 dxe4 18. Nxe4 Bxe4 19. Bxe4 Ne7 20. Ne3 Nd5 21. Qd3 g6 22. Ng4 Bg7 23. Ne5 Bxe5 24. dxe5 Nb6 25. Rfb1 Rd2 26. Qxd7 Nxd7 27. Rb7 Nc5 28. Rb4 Re2 29. Bc6 Rxe5 30. Rd1 g5 31.
Rc4 Rb8 32. f4 gxf4 33. gxf4 Rf5 34. Rd2 Rb6 35. Bf3 Rd6 36. Rdd4 Rxd4 37. cxd4 Rxf4 38.
Kf2 Ne4+ 39. Ke3 Rxf3+ 40. Kxe4 Rxh3 41. Rxc7 Ra3 42. Rc2 Ra5 43. Rg2+ Kf8 44. Rh2 h5 45. Rg2 Rf5 46. Rb2 Kg7 47. Rg2+ Kf6 48. Rh2 Kg6 49. Rg2+ Rg5 50. Rf2 h4 51. Rh2 Rh5 52. Kf4 h3 53.
Kg4 Rh8 54. a4 a5 55. Kf4 Kf6 56. Kg4 Ke7 57. Kf4 Kd6 58. Ke4 Rh4+ 59. Kd3 Kd5 60.
Kc3 f5 0-1

[Event "*** Titled Tuesday Blitz"]
[Site "Chess.com"]
[Date "2020.11.10"]
[Round "6"]
[White "ChessWarrior3"]
[Black "Omk124"]
[Result "1/2-1/2"]
[WhiteElo "2078"]
[BlackElo "2385"]
[TimeControl "180+1"]
[EndTime "11:10:44 PST"]
[Termination "Game drawn by repetition"]

1. e4 g6 2. d4 Bg7 3. Nc3 c6 4.
f4 d5 5. e5 Nh6 6. h3 f6 7.
Nf3 O-O 8. g4 fxe5 9. dxe5 Nxg4 10. hxg4 Bxg4 11. Be2 Nd7 12. Ng5 Bxe2 13. Qxe2 Qb6 14.
Ne6 Rf7 15. Nxg7 Rxg7 16. b3 Rf8 17. Na4 Qb4+ 18. c3 Qa5 19. Qg4 Nb6 20. Qe6+ Rgf7 21. Nxb6 Qxc3+ 22. Ke2 Qxa1 23. Nd7 Qxa2+ 24. Bd2 Rd8 25.
Rxh7 Kxh7 26. Qxf7+ Kh8 27. Nf8 Qa6+ 28. Kf2 Rxf8 29.
Qxf8+ Kh7 30. Qxe7+ Kh8 31. Qf6+ Kh7 32. Qf7+ Kh8 33. e6 Qd3 34. Be3 Qc2+ 35. Kg3 Qe4 36. Qf6+ Kh7 37. Qe7+ Kg8 38. Qd8+ Kh7 39. Qe7+ Kg8 40.
Bf2 Qd3+ 41. Kh2 Qe2 42. Qf7+ Kh8 43. Kg1 Qd1+ 44. Kg2 Qg4+ 45. Bg3 Qe2+ 46. Kh1 Qf1+ 47. Kh2 Qe2+ 48. Kh3 Qh5+ 49. Bh4 Qf3+ 50. Kh2 Qe2+ 51. Kg1 Qg4+ 52. Kf1 Qxh4 53. e7 Qh1+ 54. Ke2 Qe4+ 55.
Kd2 Qd4+ 56. Kc2 Qf2+ 57. Kc3 Qc5+ 58. Kb2 Qd4+ 59. Ka2 Qd2+ 60. Kb1 Qd1+ 61. Kb2 Qd2+ 62. Ka3 Qa5+ 63. Kb2 Qd2+ 64. Ka1 Qc1+ 65. Ka2 Qd2+ 66. Kb1 Qd1+ 67. Kb2 Qd2+ 1/2-1/2

[Event "*** Titled Tuesday Blitz"]
[Site "Chess.com"]
[Date "2020.11.10"]
[Round "6"]
[White "dosto07"]
[Black "cottage_cheese"]
[Result "1-0"]
[WhiteElo "2329"]
[BlackElo "2165"]
[TimeControl "180+1"]
[EndTime "11:10:44 PST"]
[Termination "dosto07 won by checkmate"]

1. e4 e5 2. Nf3 Nc6 3. Bb5 a6 4. Ba4 Nf6 5. O-O Be7 6. d3 b5 7. Bb3 d6 8. Bd2 O-O 9. h3 Bd7 10. Re1 Qc8 11. Kh2 Be6 12. Nc3 Bxb3 13. axb3 Re8 14.
Bg5 h6 15. Bxf6 Bxf6 16. Nd5 Be7 17. b4 Bf8 18. c3 Ne7 19. Qb3 Nxd5 20. Qxd5 c6 21.
Qb3 Qc7 22. Kh1 a5 23. bxa5 Rxa5 24. Rxa5 Qxa5 25. d4 exd4 26. cxd4 Ra8 27. e5 Qa2 28. Qc2 Qd5 29. Rc1 Ra6 30. Re1 c5 31. dxc5 dxc5 32.
Qe2 c4 33. Rd1 Qc5 34. Qe4 b4 35. Nd4 c3 36. bxc3 bxc3 37. e6 fxe6 38. Nxe6 c2 39. Rc1 Ra1 40. Rxa1 c1=Q+ 41. Rxc1 Qxc1+ 42. Kh2 Bd6+ 43.
g3 Qd2 44. Kg2 Qc3 45. h4 Qe5 46. Qc4 Kh7 47. Nf4 Qf5 48. Ne6 Be5 49. Qd5 Qf6 50.
h5 Bb2 51. Qe4+ g6 52. hxg6+ Qxg6 53. Nf8+ Kg7 54. Qxg6+ Kxf8 55. Qxh6+ Bg7 56. Qg6 Kg8 57. Kf3 Kh8 58. Ke4 Kg8 59. Kf5 Kh8 60. Ke6 Kg8 61.
f4 Kh8 62. f5 Kg8 63. f6 Kh8 64. Qxg7# 1-0

[Event "*** Titled Tuesday Blitz"]
[Site "Chess.com"]
[Date "2020.11.10"]
[Round "6"]
[White "IceBelka"]
[Black "Iskusnyh"]
[Result "0-1"]
[WhiteElo "2322"]
[BlackElo "2563"]
[TimeControl "180+1"]
[EndTime "11:10:47 PST"]
[Termination "Iskusnyh won by resignation"]

1. e4 e6 2. d4 d5 3. exd5 exd5 4.
Nf3 Nf6 5. Bd3 c5 6. O-O Nc6 7. Re1+ Be7 8. dxc5 O-O 9. Nc3 Bxc5 10. h3 h6 11. Bf4 Be6 12. Qd2 d4 13. Ne4 Bb4 14. c3 Nxe4 15. Rxe4 dxc3 16. bxc3 Be7 17. Rd1 Bf5 18. Re3 Bxd3 19. Rxd3 Qa5 20. Rd5 Qa4 21. Bxh6 Rad8 22. Bxg7 Rxd5 23. Qh6 Rxd1+ 24. Kh2 f6 25. Qg6 Qf4+ 26. g3 Rh1+ 27. Kxh1 Qxf3+ 28. Kg1 Qd1+ 29. Kh2 Qc2 30. Qxc2 Kxg7 31. Qf5 Rd8 32. h4 Rd2 33. Kh3 Ne5 34. f4 Nf7 35. Qg4+ Kf8 36. h5 Bd6 37.
Qg6 Re2 38. h6 Ke7 39. Kg4 Rxa2 40. h7 Rh2 41. Qg7 a5 42. Kf3 a4 43. Qg8 a3 44.
Qc8 a2 45. Qxb7+ Kf8 46. Qa8+ Kg7 47. Kg4 Kxh7 48. Kf3 Kg7 49. c4 Rc2 50. c5 Bxc5 51.
Kg4 Bd4 52. Qe4 a1=Q 53. Qxc2 Qc3 54. Qf5 Nh6+ 0-1

[Event "*** Titled Tuesday Blitz"]
[Site "Chess.com"]
[Date "2020.11.10"]
[Round "6"]
[White "midedu"]
[Black "Eternauta2400"]
[Result "1/2-1/2"]
[WhiteElo "2075"]
[BlackElo "2480"]
[TimeControl "180+1"]
[EndTime "11:10:49 PST"]
[Termination "Game drawn - insufficient material"]

1. e4 e5 2. Nf3 Nc6 3. Bc4 Nf6 4. d3 Bc5 5. c3 O-O 6. O-O a5 7. Re1 d6 8. d4 Ba7 9. h3 exd4 10.
cxd4 Nxe4 11. Rxe4 d5 12. Bxd5 Qxd5 13. Nc3 Qd8 14. Bg5 f6 15. d5 Ne7 16. Be3 Bxe3 17. Rxe3 Kh8 18. Qd2 Nf5 19. Re2 Nd6 20. Nd4 Bd7 21.
a4 Re8 22. Rae1 Rxe2 23. Qxe2 Qg8 24. Qd3 Re8 25. Re3 Rxe3 26. Qxe3 Qe8 27. Qxe8+ Nxe8 28. f4 Kg8 29. Kf2 Kf7 30. Ke3 Ke7 31. g4 Kd6 32.
Nb3 b6 33. Kd4 f5 34. g5 g6 35. Nd2 c5+ 36. dxc6 Kxc6 37. Nc4 Nd6 38. Nxd6 Kxd6 39. Nd5 Bxa4 40. Nf6 Bb3 41. Nxh7 b5 42. Nf6 a4 43. Ne8+ Kc6 44. h4 b4 45. Nf6 a3 46.
bxa3 bxa3 47. Kc3 a2 48. Kb2 Bf7 49. Nh7 Kc5 50. Nf8 Kd4 51. h5 gxh5 52. g6 Bg8 53.
Nh7 Ke3 54. Nf6 Be6 55. Nxh5 Kf3 56. g7 Kg4 57. g8=Q+ Bxg8 58. Nf6+ Kxf4 59. Nxg8 Kg5 60. Ne7 f4 61. Nd5 f3 62. Kxa2 f2 63. Ne3 Kf4 64. Nf1 Kf3 65. Kb2 Ke2 66. Nh2 f1=Q 67. Nxf1 1/2-1/2

[Event "*** Titled Tuesday Blitz"]
[Site "Chess.com"]
[Date "2020.11.10"]
[Round "6"]
[White "KacperPolOK"]
[Black "grandcoach"]
[Result "1-0"]
[WhiteElo "2439"]
[BlackElo "2102"]
[TimeControl "180+1"]
[EndTime "11:10:50 PST"]
[Termination "KacperPolOK won on time"]

1. e4 c5 2. Nc3 Nc6 3. Bb5 Nd4 4. Bc4 e6 5. Nf3 Ne7 6. O-O Nec6 7. d3 Be7 8. Nxd4 cxd4 9. Ne2 O-O 10. Bb3 Kh8 11. f4 f5 12. c3 dxc3 13. bxc3 b6 14. e5 Bb7 15. d4 d5 16. exd6 Qxd6 17. a4 Na5 18. Ba3 Qd7 19. Bxe7 Qxe7 20. Nc1 Rac8 21. Qd2 Qc7 22. Bxe6 Qxc3 23. Qxc3 Rxc3 24. Ra2 Be4 25.
Rd1 Nc4 26. Bxc4 Rxc4 27. Ne2 Rd8 28. Kf2 h6 29. h3 Kh7 30. g4 Rdc8 31. Ke3 Rb4 32.
d5 Rb3+ 33. Kd4 Rxh3 34. d6 Rd8 35. Kc4 fxg4 36. Rad2 Bf5 37. Rg1 Be6+ 38. Kb5 Bd7+ 39. Ka6 Bc8+ 40. Kb5 Rb3+ 41. Kc4 Ra3 42. Kb5 Rb3+ 43.
Kc6 Rc3+ 44. Kd5 Ra3 45. Nd4 Rxa4 46. Nc6 Rd7 47. Ne5 Bb7+ 48. Ke6 Rd8 49. Rxg4 Re4 50. Kf7 Bd5+ 51. Ke7 Rf8 52. Rxd5 1-0

[Event "*** Titled Tuesday Blitz"]
[Site "Chess.com"]
[Date "2020.11.10"]
[Round "6"]
[White "davidkalashian"]
[Black "Chessalary"]
[Result "0-1"]
[WhiteElo "2591"]
[BlackElo "2465"]
[TimeControl "180+1"]
[EndTime "11:10:51 PST"]
[Termination "Chessalary won on time"]

1. d4 d5 2. Nf3 Nf6 3. c4 e6 4. Nc3 c6 5. Qd3 Be7 6. e4 dxe4 7. Nxe4 O-O 8. Bd2 h6 9. O-O-O Nbd7 10. Bc3 Nxe4 11.
Qxe4 Nf6 12. Qc2 Qc7 13. Ne5 c5 14. f4 cxd4 15. Bxd4 b6 16. g4 Bb7 17. Rg1 Rac8 18. g5 hxg5 19. fxg5 Ne4 20. h4 Rfd8 21. Ng4 Rxd4 22.
Rxd4 Qf4+ 23. Kb1 Bc5 24. Nf6+ gxf6 25. gxf6+ Kf8 26. Qg2 Nc3+ 27. bxc3 Bxg2 28. Rxf4 Bxg1 29. Bxg2 Be3 30. Rg4 Ke8 31. Rg8+ Kd7 32. Rxc8 Kxc8 33. Bf3 Kd7 34. Bh5 Kd6 35. Bxf7 Ke5 36. Be8 Kxf6 37. h5 Ke7 38. Kc2 Kxe8 39. Kd3 Bf4 40. Ke4 e5 41.
Kd5 Kd7 42. c5 bxc5 43. Kxc5 e4 44. Kd4 e3 45. Kd3 Kd6 46. Ke2 Kd5 47. Kf3 Kc4 48. Kxf4 e2 49. h6 e1=Q 50. h7 Qh1 51. Kg5 Qxh7 52. Kf6 Kxc3 0-1

[Event "*** Titled Tuesday Blitz"]
[Site "Chess.com"]
[Date "2020.11.10"]
[Round "6"]
[White "Shushik"]
[Black "DishonorOnYourCow"]
[Result "1-0"]
[WhiteElo "2244"]
[BlackElo "2378"]
[TimeControl "180+1"]
[EndTime "11:10:52 PST"]
[Termination "Shushik won on time"]

1. e4 c5 2. Ne2 d6 3. g3 a6 4. Bg2 g6 5. c3 Bg7 6. d4 cxd4 7. cxd4 Nf6 8. Nbc3 O-O 9. O-O Nc6 10.
h3 Bd7 11. Be3 b5 12. a3 Rc8 13. Rc1 Na5 14. b3 Rb8 15. f4 b4 16. axb4 Rxb4 17.
Rb1 Qb8 18. e5 Ne8 19. Nd5 Rxb3 20. Nxe7+ Kh8 21. Qc2 dxe5 22. dxe5 Be6 23. Nd5 f6 24. Rxb3 Qxb3 25. Qxb3 Nxb3 26. Rb1 Na5 27. Bc5 Rg8 28. Nd4 Bd7 29. e6 Bc6 30. Ne7 Bxg2 31. Nxg8 Be4 32. Re1 Kxg8 33. Rxe4 f5 34. Re1 Nb7 35. Bb6 Ned6 36.
Nc6 Ne4 37. Bd4 Bxd4+ 38. Nxd4 Kf8 39. Kg2 Ke7 40. Ra1 Nbc5 41. Ra5 Kd6 42. g4 Ke7 43.
gxf5 gxf5 44. Nxf5+ Kxe6 45. Nd4+ Kd5 46. Nb3 Kc4 47.
Nxc5 Nxc5 48. f5 Kb4 49. Ra1 a5 50. f6 a4 51. f7 Ne6 52. Kf3 Kb3 53. Kg4 a3 54. Kf5 Nf8 55. Kf6 Kb2 56. Re1 a2 57. Ke7 Ng6+ 58. Kf6 a1=Q 59. Rxa1 Kxa1 60. h4 Kb2 61. h5 Nf8 62. Ke7 1-0

[Event "*** Titled Tuesday Blitz"]
[Site "Chess.com"]
[Date "2020.11.10"]
[Round "6"]
[White "MrChampion_Coach"]
[Black "Aleksey_Sorokin"]
[Result "1-0"]
[WhiteElo "2526"]
[BlackElo "2730"]
[TimeControl "180+1"]
[EndTime "11:10:53 PST"]
[Termination "MrChampion_Coach won by resignation"]

1. d4 Nf6 2. c4 g6 3. Nc3 d5 4.
cxd5 Nxd5 5. Bd2 Bg7 6. e4 Nxc3 7. Bxc3 O-O 8. Bc4 c5 9. d5 Bxc3+ 10. bxc3 Qa5 11. Ne2 b5 12. Bd3 b4 13. O-O Ba6 14.
c4 Nd7 15. f4 Rad8 16. Rf3 Nb6 17. Rc1 e6 18. f5 gxf5 19. Qf1 Kh8 20. Rc2 b3 21. axb3 fxe4 22. Bxe4 exd5 23. Bxh7 Rd6 24.
Rh3 Kg7 25. Ng3 Bc8 26. Bf5 Re8 27. Re2 Rxe2 28. Nxe2 Rf6 29. Ng3 Bxf5 30. Nxf5+ Kg8 31. Qd1 Qc3 32. Qg4+ Rg6 33. Ne7+ Kg7 34. Nf5+ Kg8 35.
Qxg6+ fxg6 36. Ne7+ Kf7 37. Rxc3 Kxe7 38. cxd5 Kd6 39.
Rg3 Nxd5 40. Rxg6+ Kc7 41. Rg5 Kc6 42. Rg6+ Kb5 43.
Rg5 Nf4 44. Rf5 Ne2+ 45. Kf2 Nd4 46. Rf7 a5 47. h4 Kb6 48. Rf6+ Kb5 49. h5 Nxb3 50.
h6 Nd2 51. Rf4 a4 52. h7 a3 53. h8=Q c4 54. Qc3 1-0

[Event "*** Titled Tuesday Blitz"]
[Site "Chess.com"]
[Date "2020.11.10"]
[Round "6"]
[White "FormerProdigy"]
[Black "Jospem"]
[Result "1/2-1/2"]
[WhiteElo "2875"]
[BlackElo "2923"]
[TimeControl "180+1"]
[EndTime "11:10:55 PST"]
[Termination "Game drawn by repetition"]

1. e4 e5 2. Nf3 Nc6 3. Bc4 Bc5 4. c3 Nf6 5. d3 d6 6. a4 a5 7. Bg5 h6 8. Bh4 O-O 9. Na3 g5 10. Bg3 Bg4 11. h4 d5 12. hxg5 hxg5 13. Qd2 Nxe4 14. dxe4 dxc4 15. Qxd8 Raxd8 16. Nxe5 Nxe5 17. Bxe5 f6 18.
Bxc7 Bxa3 19. bxa3 Rd3 20. Bxa5 Ra8 21. Bb4 Rxa4 22.
f3 Be6 23. Kf2 Rd2+ 24. Kg3 Kg7 25. Rad1 Rd3 26. Rxd3 cxd3 27. Kf2 Ra8 28. Ke3 Rd8 29. Kd2 b5 30. Bc5 Kg6 31. Rb1 Bc4 32. Rb4 Rc8 33.
Be3 Ra8 34. a4 Rxa4 35. Rxa4 bxa4 36. Bc5 f5 37. exf5+ Kxf5 38. Ke3 g4 39. fxg4+ Kxg4 40. Bd6 Kf5 41. Bb4 Ke5 42. Ba3 Bb5 43. g3 Kd5 44.
g4 Kc4 45. Kd2 Kb3 46. Bd6 a3 47. c4 Bxc4 48. Be5 Bb5 49. g5 Kc4 50. g6 Be8 51. g7 Bf7 52. Bf6 Bg8 53. Be5 Bh7 54. Bf6 Kd5 55. g8=Q+ Bxg8 56. Kxd3 Ke6 57. Ba1 a2 58. Kc3 Kf5 59. Kb2 Bh7 60. Kc1 Bg6 61. Bc3 Bh7 62. Kb2 Bg6 63. Ka1 Bh7 64. Bb2 Bg6 65. Bc3 Bh7 66. Bb2 Bg6 67. Bc3 1/2-1/2

[Event "*** Titled Tuesday Blitz"]
[Site "Chess.com"]
[Date "2020.11.10"]
[Round "6"]
[White "frederiksvane"]
[Black "ViditYT"]
[Result "0-1"]
[WhiteElo "2701"]
[BlackElo "2878"]
[TimeControl "180+1"]
[EndTime "11:10:56 PST"]
[Termination "ViditYT won on time"]

1. e4 c5 2. Nf3 d6 3. Bb5+ Nd7 4. O-O a6 5. Bd3 Ngf6 6. Re1 e6 7. c3 b5 8. a4 c4 9. Bf1 Bb7 10. d3 bxa4 11. Qxa4 cxd3 12. Bxd3 Be7 13. b4 O-O 14. Bf4 a5 15. Qb3 axb4 16. Rxa8 Qxa8 17. cxb4 Nxe4 18. Nd4 Nef6 19. f3 Bd5 20. Qb2 Rb8 21. Nc3 h6 22.
Bf1 Qb7 23. b5 Nb6 24. Nxd5 Nfxd5 25. Bg3 Bf6 26. Bxd6 Na4 27. Qf2 Rd8 28. Be5 Bxe5 29. Rxe5 Ndc3 30. Re1 Rd5 31. Nc6 Nxb5 32. Bxb5 Rxb5 33.
Nd4 Rb4 34. h3 Nc3 35. Ne2 Rb2 36. Qe3 Nd5 37. Qd4 Qb5 38. Ng3 Rc2 39. Qe4 Qc5+ 40.
Kh2 Rc4 41. Qd3 Nf4 42. Qd2 Qc7 43. Re4 Rxe4 44. Nxe4 Nd5+ 45. Kh1 Qe5 46. Kg1 g5 47. Nf2 h5 48. Ne4 f6 49. Qa2 Kg7 50. Qa7+ Kg6 51.
Qf2 Qa1+ 52. Kh2 f5 53. Nd2 h4 54. Qe2 Nf4 55. Qf2 Qe5 56. Nc4 Qc7 57. Ne3 Nd3+ 0-1

[Event "*** Titled Tuesday Blitz"]
[Site "Chess.com"]
[Date "2020.11.10"]
[Round "6"]
[White "RD4ever"]
[Black "Vuk2000"]
[Result "0-1"]
[WhiteElo "2816"]
[BlackElo "2689"]
[TimeControl "180+1"]
[EndTime "11:10:58 PST"]
[Termination "Vuk2000 won by checkmate"]

1. e4 e6 2. d4 d5 3. Bd3 c5 4. exd5 Qxd5 5. Nc3 Qd8 6. d5 exd5 7. Nxd5 Nc6 8. Qe2+ Nge7 9. Nc3 Nd4 10. Qe3 Be6 11. Nge2 Nef5 12. Qe4 c4 13. Bxc4 Nxe2 14. Bxe6 Nxc3 15.
Bxf7+ Kxf7 16. Qxf5+ Qf6 17. Qxf6+ gxf6 18. bxc3 Rc8 19.
Rb1 b6 20. Rb3 Bd6 21. Be3 Be5 22. Ke2 Bxc3 23. Rd1 Be5 24. Rd7+ Kg6 25. Rxa7 Rxc2+ 26.
Kf3 h5 27. Rxb6 Bxh2 28. g3 h4 29. Bd4 Rf8 30. gxh4 Rc4 31. Rd7 Bc7 32. Ra6 Kf5 33.
Rd5+ Be5 34. Raa5 Re8 35. h5 Rc1 36. Be3 Rh1 37. Kg2 Rh4 38. h6 Rg8+ 39. Kf3 Rh3+ 40. Ke2 Ke4 41. Rdb5 Rg2 42. Ra4+ Kf5 43. Rf4+ Ke6 44.
Rf3 Rhh2 45. a4 Rg4 46. a5 Ra4 47. Rb6+ Kd5 48. a6 Ke4 49. Rfxf6 Ra2+ 50. Bd2 Bxf6 51. Rxf6 Rh5 52. f3+ Ke5 53. Rb6 Rh2+ 54. Ke3 Raxd2 55. f4+ Kf5 56. Rb5+ Kf6 57. Rb6+ Kf5 58. Rb5+ Ke6 59. Rb6+ Kd5 60. a7 Ra2 61. Rb7 Rh3# 0-1

[Event "*** Titled Tuesday Blitz"]
[Site "Chess.com"]
[Date "2020.11.10"]
[Round "6"]
[White "Aygehovit1992"]
[Black "indfraeng"]
[Result "1-0"]
[WhiteElo "2677"]
[BlackElo "2397"]
[TimeControl "180+1"]
[EndTime "11:10:59 PST"]
[Termination "Aygehovit1992 won by resignation"]

1. d4 d5 2. Nf3 Nf6 3. c4 c6 4. Nc3 e6 5. e3 Nbd7 6. Qc2 Bd6 7. g4 Bb4 8. Bd2 b6 9. g5 Bxc3 10. Bxc3 Ne4 11. Bd3 Nxg5 12. Nxg5 Qxg5 13. O-O-O g6 14. h4 Qh5 15. Rdg1 Bb7 16. cxd5 exd5 17. Be2 Qf5 18. Qxf5 gxf5 19. Rg5 f4 20. exf4 O-O-O 21. Rf5 Rde8 22. Bg4 Rhg8 23. f3 Rg7 24. h5 h6 25. Re1 Rxe1+ 26. Bxe1 Kd8 27. Bh4+ Ke8 28. Kd2 Ba6 29. Ke3 Rg8 30. a3 Bc8 31. b4 b5 32. Kf2 Kf8 33. Bd8 Kg7 34. Bc7 f6 35. Bd6 Nb6 36. Bc5 Nc4 37. Bxa7 Nd6 38. Re5 fxe5 39. dxe5 Nc4 40. Bd4 Bxg4 41. fxg4 Kf7 42. Kg3 Nxa3 43. f5 Nc2 44. e6+ Ke8 45. Be5 Ne3 46. f6 Rxg4+ 47. Kf3 Rg1 48. f7+ Ke7 49. Bd6+ Kxe6 50. f8=Q Rf1+ 51.
Kxe3 Rxf8 52. Bxf8 Kf5 53. Bxh6 Kg4 54. Bg7 Kxh5 55.
Kd4 Kg6 56. Bh8 Kh7 57. Be5 Kg6 58. Kc5 Kf5 59. Bb2 Ke4 60. Kxc6 d4 61. Bxd4 Kxd4 62. Kxb5 Kd5 63. Ka6 Kd6 64. b5 Kc7 65. Ka7 Kd6 66. b6 Kc5 67. b7 Kb4 68. b8=Q+ Ka3 69. Qf4 1-0

[Event "*** Titled Tuesday Blitz"]
[Site "Chess.com"]
[Date "2020.11.10"]
[Round "6"]
[White "Savagelittlemole"]
[Black "Ural_bogatyr"]
[Result "1/2-1/2"]
[WhiteElo "2571"]
[BlackElo "2397"]
[TimeControl "180+1"]
[EndTime "11:10:59 PST"]
[Termination "Game drawn - insufficient material"]

1. e4 e5 2. Nf3 Nc6 3. Bb5 Bc5 4. O-O Nf6 5. c3 O-O 6. d4 Bb6 7. Re1 d6 8. h3 Ne7 9. Nbd2 c6 10. Ba4 Ng6 11. Nf1 d5 12. exd5 e4 13. Ne5 cxd5 14. Nxg6 hxg6 15. Bg5 Qd6 16. Bxf6 gxf6 17. Bb3 Be6 18. Ne3 Rac8 19. f3 f5 20. fxe4 dxe4 21.
Qe2 Kg7 22. Nf1 Rfe8 23. Rad1 Bxb3 24. axb3 f4 25. Qg4 f5 26. Qe2 g5 27. Qh5 Qg6 28.
Qe2 g4 29. hxg4 fxg4 30. Qb5 Re7 31. Re2 Rh8 32. Rde1 f3 33. Rxe4 Rxe4 34. Rxe4 Qxe4 35. Qd7+ Kg6 36. Qd6+ Kf7 37. Qd7+ Qe7 38. Qf5+ Qf6 39. Qd7+ Kf8 40. Qc8+ Bd8 41. Ng3 fxg2 42. Qc5+ Be7 43. Qc8+ Kg7 44. Qc7 Kf7 45. Qc4+ Kg7 46. Qd5 Rh1+ 47.
Kxg2 Qf3+ 48. Qxf3 gxf3+ 49. Kxh1 Bg5 50. Kg1 Bc1 51.
Kf2 Bxb2 52. Ne4 a5 53. Kxf3 b5 54. Ke3 a4 55. bxa4 bxa4 56. Nd2 a3 57. Nb3 Bxc3 58. Kd3 Bxd4 59. Kxd4 a2 60. Kc3 a1=Q+ 61. Nxa1 1/2-1/2

[Event "*** Titled Tuesday Blitz"]
[Site "Chess.com"]
[Date "2020.11.10"]
[Round "6"]
[White "lefonghua"]
[Black "DenisQ"]
[Result "1/2-1/2"]
[WhiteElo "2493"]
[BlackElo "2631"]
[TimeControl "180+1"]
[EndTime "11:11:06 PST"]
[Termination "Game drawn by repetition"]

1. d4 Nf6 2. c4 c6 3. Nf3 d5 4.
Nc3 e6 5. e3 Nbd7 6. Qc2 Bd6 7.
b3 O-O 8. Be2 b6 9. O-O Bb7 10.
Bb2 Qe7 11. Rad1 Rfd8 12. Rfe1 Rac8 13. h3 a6 14. Qb1 c5 15. cxd5 exd5 16. Bf1 g6 17. a4 Re8 18. Qa1 cxd4 19. Nxd4 Nc5 20. b4 Nce4 21. Nxe4 Nxe4 22. b5 axb5 23. Nxb5 Bb8 24.
Bd4 Rc2 25. Re2 Rxe2 26. Bxe2 Qh4 27. Rf1 Nd2 28. Bh8 d4 29. Bxd4 Nxf1 30. Bxf1 Qe7 31. Bc4 Be5 32. f3 Kg7 33. f4 Bxd4 34. Qxd4+ Qf6 35.
Kf2 Qxd4 36. Nxd4 Rd8 37. Bb5 Be4 38. g3 Rc8 39. Ke1 Rc3 40. Kd2 Ra3 41. h4 h5 42.
Kc1 Rxe3 43. Ne2 Bd3 44. Kd2 Rxe2+ 45. Kxd3 Rg2 46. Kd4 Rxg3 47. Kd5 Rg4 48. Kc6 Rxh4 49. Kxb6 Rxf4 50. a5 Rf6+ 51. Bc6 Rf2 52. a6 Rb2+ 53. Bb5 Ra2 54. a7 Rxa7 55. Kxa7 Kf6 56. Kb6 Ke5 57. Kc5 f5 58. Be8 Kf6 59. Kd4 h4 60. Ke3 g5 61.
Kf2 g4 62. Bc6 Kg5 63. Kg2 f4 64. Bb7 h3+ 65. Kh2 Kh4 66. Ba8 g3+ 67. Kg1 Kg4 68. Bb7 f3 69. Bc8+ Kh4 70. Bb7 f2+ 71. Kf1 Kg5 72.
Bc8 Kh4 73. Bb7 Kg4 74. Bc8+ Kh4 75. Bb7 1/2-1/2

[Event "*** Titled Tuesday Blitz"]
[Site "Chess.com"]
[Date "2020.11.10"]
[Round "6"]
[White "crazy_but_lazy"]
[Black "hungrycaterpillar4"]
[Result "1-0"]
[WhiteElo "2481"]
[BlackElo "2616"]
[TimeControl "180+1"]
[EndTime "11:11:06 PST"]
[Termination "crazy_but_lazy won by checkmate"]

1. d4 d5 2. c4 c6 3. cxd5 cxd5 4. Bf4 Nc6 5. e3 Nf6 6. Nc3 a6 7. Bd3 Bg4 8. Nf3 e6 9. O-O Bd6 10. Bxd6 Qxd6 11. Rc1 O-O 12. Na4 e5 13. dxe5 Nxe5 14. Be2 Bxf3 15. Bxf3 Rac8 16. Nc3 Rfd8 17. g3 g6 18. Bg2 b5 19. Ne2 Qb4 20. Qd4 Qxd4 21. Nxd4 Nd3 22. Rxc8 Rxc8 23. b3 Ne4 24. Bxe4 dxe4 25.
Rd1 f5 26. Kg2 b4 27. h3 Kf7 28. g4 Kf6 29. Kg3 Rc1 30. Rd2 Ke5 31. f4+ Kf6 32.
g5+ Ke7 33. Rc2 Rxc2 34. Nxc2 Kd6 35. h4 a5 36. Nd4 Nc1 37. h5 Nxa2 38. h6 Nc1 39.
Nxf5+ Ke6 40. Nd4+ Kf7 41. f5 Nxb3 42. Nxb3 a4 43. Nc5 a3 44. f6 a2 45. Nb3 Ke6 46. Kf4 Kf7 47. Kxe4 Ke6 48. Kd4 Kf7 49. Kc4 a1=Q 50.
Nxa1 Ke6 51. Nb3 Kf7 52. Kxb4 Kg8 53. e4 Kh8 54. Kc5 Kg8 55. Kd6 Kh8 56. Nd4 Kg8 57. Ke7 Kh8 58. e5 Kg8 59. e6 Kh8 60. Nc6 Kg8 61. Ne5 Kh8 62. Nxg6+ hxg6 63. f7 Kh7 64.
Kf6 Kh8 65. f8=Q+ Kh7 66. Qg7# 1-0

[Event "*** Titled Tuesday Blitz"]
[Site "Chess.com"]
[Date "2020.11.10"]
[Round "6"]
[White "Gusarov91"]
[Black "BogdanDeac"]
[Result "0-1"]
[WhiteElo "2636"]
[BlackElo "2808"]
[TimeControl "180+1"]
[EndTime "11:11:08 PST"]
[Termination "BogdanDeac won by resignation"]

1. d4 Nf6 2. Nf3 d5 3. c4 e6 4. Nc3 dxc4 5. e3 a6 6. a4 c5 7. Bxc4 Nc6 8. O-O Be7 9. Qe2 cxd4 10. Rd1 O-O 11. exd4 Nb4 12. Ne5 b6 13. Qf3 Ra7 14. Be3 Rc7 15. Bb3 Bb7 16. Qh3 Nbd5 17. Rac1 Nxc3 18. bxc3 Ba3 19. Rc2 Be4 20. Ra2 Bd6 21. Bg5 h6 22. Bd2 Bf5 23. Qf3 b5 24. axb5 axb5 25.
Rda1 Ne4 26. Be1 Bxe5 27. dxe5 Nc5 28. Ra8 Rc8 29. Rxc8 Qxc8 30. Bd1 Nd3 31. Bd2 Nxe5 32. Qg3 Ng6 33. h4 Rd8 34. Be1 Qc5 35. h5 Ne5 36. Be2 Bd3 37. Qh4 Rc8 38. Bd1 Bf5 39. Qg3 Nc4 40.
Be2 Qd6 41. Qh4 Qe5 42. Bf1 Re8 43. f3 Qc5+ 44. Bf2 Qd5 45. Bd4 e5 46. Bf2 Qd2 47. Ra7 Qxc3 48. Re7 Rxe7 49. Qxe7 Be6 50. Qe8+ Kh7 51.
Qb8 e4 52. Qxb5 Nd2 53. fxe4 Qc1 54. Qd3 Bc4 55. e5+ Bxd3 56. Kh2 Qc3 57. Bd4 Qxd4 58. Bxd3+ Qxd3 59. e6 Ne4 60. e7 Qg3+ 61. Kh1 Qe1+ 62. Kh2 Qh4+ 63. Kg1 Qxe7 64. g4 Qg5 65. Kh2 Qh4+ 66.
Kg2 Qxg4+ 67. Kh2 Qxh5+ 68. Kg2 Qg6+ 69. Kf3 f5 70. Ke3 Qg4 71. Kd4 h5 72. Ke5 h4 73.
Ke6 h3 74. Kf7 h2 75. Kf8 h1=Q 76. Kf7 Ng5+ 77. Kf8 0-1

[Event "*** Titled Tuesday Blitz"]
[Site "Chess.com"]
[Date "2020.11.10"]
[Round "6"]
[White "DarZay"]
[Black "kinga2008"]
[Result "0-1"]
[WhiteElo "2043"]
[BlackElo "2127"]
[TimeControl "180+1"]
[EndTime "11:11:08 PST"]
[Termination "kinga2008 won by checkmate"]

1. e4 c5 2. Nf3 Nc6 3. d4 cxd4 4.
Nxd4 e5 5. Nb5 a6 6. Nd6+ Bxd6 7. Qxd6 Qf6 8. Qd1 Qg6 9. Nc3 d5 10. Nxd5 Qxe4+ 11. Be3 Nd4 12. Nc7+ Ke7 13. Nxa8 Nxc2+ 14. Ke2 Bg4+ 15. Kd2 Bxd1 16. Rxd1 Nf6 17. Bd3 Qb4+ 18.
Kxc2 Rxa8 19. a3 Qa4+ 20. Kb1 Rc8 21. Rc1 Rxc1+ 22. Rxc1 Nd5 23. Bc5+ Kf6 24. Bc4 Nf4 25. g3 b5 26. b3 Qa5 27. Bb4 Qb6 28. Bf1 Nd5 29.
Bc5 Qe6 30. Bg2 Ne7 31. Kb2 Nd5 32. Rd1 e4 33. Rd4 Qc6 34. b4 Nb6 35. Rd6+ Qxd6 36. Bxd6 Nc4+ 37. Kb3 Nxd6 38. Kc3 Ke5 39. Bf1 f5 40.
Be2 g5 41. Bh5 f4 42. Kd2 Kd4 43. Be2 Nc4+ 44. Bxc4 Kxc4 45. gxf4 gxf4 46. Kc2 e3 47. fxe3 fxe3 48. h4 h5 49. Kc1 Kc3 50. Kd1 Kd3 51. Ke1 e2 52. Kf2 Kd2 53. Kf3 e1=Q 54. Kf4 Qe3+ 55. Kf5 Qxa3 56. Kg6 Qxb4 57. Kg7 a5 58.
Kh7 a4 59. Kh6 a3 60. Kxh5 a2 61. Kg6 a1=Q 62. Kh5 Qe5+ 63. Kh6 Qbd6+ 64. Kh7 Qee7+ 65. Kh8 Qdd8# 0-1

[Event "*** Titled Tuesday Blitz"]
[Site "Chess.com"]
[Date "2020.11.10"]
[Round "6"]
[White "Shtembuliak"]
[Black "dropstoneDP"]
[Result "0-1"]
[WhiteElo "2867"]
[BlackElo "2930"]
[TimeControl "180+1"]
[EndTime "11:11:10 PST"]
[Termination "dropstoneDP won on time"]

1. c4 e5 2. Nc3 Bb4 3. Nd5 Be7 4. d4 exd4 5. Qxd4 Nf6 6. Nxe7 Qxe7 7. Bg5 Nc6 8. Qc3 Ne5 9. Nf3 d6 10. Nxe5 dxe5 11.
e3 Bf5 12. Be2 Ne4 13. Bxe7 Nxc3 14. Bb4 Nxe2 15. Kxe2 O-O-O 16. Rhd1 Bc2 17. Rd2 Rxd2+ 18. Kxd2 Be4 19. f3 Rd8+ 20. Ke1 Bd3 21. b3 e4 22. Rd1 f5 23. h4 b6 24. Kf2 a5 25. Bc3 g6 26. Kg3 Bc2 27. Rc1 Bd3 28. Kf4 c5 29. Kg5 exf3 30. gxf3 Be2 31. Kf4 Rd1 32. Rc2 Bd3 33.
Rh2 Rf1 34. h5 Be4 35. Rh3 gxh5 36. Bf6 Kb7 37. Rg3 a4 38. bxa4 Ka6 39. Bd8 Ka5 40. Bc7 h4 41. Rh3 h5 42. Bd8 Kxa4 43. Bxb6 Kb4 44.
a4 Kxc4 45. a5 Kb5 46. Rxh4 Rxf3+ 47. Ke5 c4 48. Bd4 Kxa5 49. Rxh5 Kb4 50. Rh8 Kb3 51. Rb8+ Kc2 52. Rc8 Kd3 53. Rc7 Rf1 54. Rh7 Re1 55. Rh2 c3 56. Kf4 c2 57. Bb2 Rb1 58. Ba3 Ra1 59. Bb2 Rf1+ 60. Ke5 Rb1 61. Ba3 c1=Q 62.
Bxc1 Rxc1 63. Rh3 Rf1 64. Rg3 Re1 65. Kf4 Re2 66. Rh3 Rg2 67. Ke5 Rg4 0-1